 Dungeon Crawl Stone Soup version 0.30.1-11-g7821555f0a (webtiles) character file.

Game seed: 16095935014396547298

23811 RancidPinata the Fighter (level 13, -6/88 HPs)
             Began as a Gargoyle Gladiator on Nov 20, 2023.
             Was a High Priest of Okawaru.
             Mangled by a death yak (13 damage)
             ... on level 2 of the Lair of Beasts on Nov 21, 2023.
             The game lasted 01:05:14 (15916 turns).

RancidPinata the Fighter (Gargoyle Gladiator)      Turns: 15916, Time: 01:05:14

Health: -6/88      AC: 25    Str: 33    XL:     13   Next: 9%
Magic:  13/15      EV: 15    Int:  9    God:    Okawaru [*****.]
Gold:   656        SH:  4    Dex: 15    Spells: 6/12 levels left

rFire   . . .        a - +2 flail (holy)
rCold   + . .        (no shield)
rNeg    + . .        g - +4 troll leather armour
rPois   ∞            t - +0 helmet of the Flute {rC+}
rElec   +            (no cloak)
rCorr   .            M - +0 pair of gloves
SInv    .            D - +0 pair of boots
Will    .....        Q - amulet of regeneration
Stlth   +++          V - +6 ring of strength
HPRegen 1.94/turn    I - +6 ring of strength
MPRegen 0.14/turn

%: no passive effects
@: heroic
A: sickness immunity, AC +9, negative energy resistance 1, electricity
resistance, torment resistance 1, petrification resistance, large bone plates 1,
agile 1
a: Renounce Religion, Heroism, Finesse, Duel


You were on level 2 of the Lair of Beasts.
You worshipped Okawaru.
Okawaru was extremely pleased with you.
You visited 3 branches of the dungeon, and saw 15 of its levels.
You also visited: Sewer, Ossuary and Bailey.

You collected 1030 gold pieces.
You spent 374 gold pieces at shops.

Inventory:

Hand Weapons
 a - a +2 flail of holy wrath (weapon)
 T - a +0 morningstar
Missiles
 e - 3 javelins (quivered)
 j - 2 curare-tipped darts
 k - 187 stones
 x - 4 atropa-tipped darts
 F - 25 poisoned darts
 K - 5 boomerangs
 W - 3 silver javelins
Armour
 g - a +4 troll leather armour (worn)
 t - the +0 helmet of the Flute (worn) {rC+}
   (You took it off Robin on level 3 of the Dungeon)

   rC:        It protects you from cold.
 y - +0 acid dragon scales
 D - a +0 pair of boots (worn)
 M - a +0 pair of gloves (worn)
 S - +0 steam dragon scales
Jewellery
 h - a +6 ring of dexterity
 m - a +4 ring of slaying
 I - a +6 ring of strength (right hand)
 P - a ring of fire
 Q - an amulet of regeneration (around neck)
 V - a +6 ring of strength (left hand)
Wands
 G - a wand of acid (7)
 L - a wand of mindburst (8)
 Z - a wand of flame (16)
Scrolls
 b - 2 scrolls of blinking
 d - a scroll of brand weapon {unknown}
 l - 5 scrolls of immolation
 u - a scroll of silence {unknown}
 v - 7 scrolls of fog
 w - 5 scrolls of amnesia
 z - 4 scrolls of poison
 A - a scroll of enchant armour
 C - a scroll of fear {unknown}
 E - a scroll of enchant weapon {unknown}
 H - 4 scrolls of teleportation
 J - 2 scrolls of magic mapping
 N - a scroll of summoning {unknown}
 O - a scroll of acquirement {unknown}
 Y - 4 scrolls of identify
Potions
 c - a potion of curing
 f - a potion of cancellation {unknown}
 i - a potion of invisibility {unknown}
 n - 5 potions of heal wounds
 o - 4 potions of berserk rage
 p - 2 potions of haste
 q - 2 potions of magic
 r - a potion of attraction {unknown}
 s - 2 potions of ambrosia
 B - 3 potions of might
 R - 3 potions of flight
 U - a potion of resistance {unknown}
 X - 2 potions of brilliance


   Skills:
 * Level 13.6(18.6) Fighting
 * Level 12.8(17.8) Maces & Flails
 * Level 8.7(13.7) Throwing
 + Level 9.4(14.4) Armour
 - Level 2.4(7.4) Dodging
 + Level 2.9 Invocations


You had 6 spell levels left.
You knew the following spells:

 Your Spells              Type           Power      Damage    Failure   Level
a - Sandblast             Erth           0%         2d4       41%         1
b - Passwall              Tmut/Erth      0%         N/A       54%         2
c - Stone Arrow           Conj/Erth      0%         3d7       78%         3

Your spell library contained the following spells:

 Spells                   Type           Power      Damage    Failure   Level
 Apportation              Tloc           0%         N/A       41%         1
 Magic Dart               Conj           0%         1d3       41%         1
 Necrotise                Necr           0%         1d4       41%         1
 Ensorcelled Hibernation  Hex/Ice        0%         N/A       54%         2
 Lesser Beckoning         Tloc           0%         N/A       54%         2
 Searing Ray              Conj           0%         2d4       54%         2
 Dazzling Flash           Conj/Hex       0%         N/A       78%         3
 Gell's Gravitas          Tloc           0%         N/A       78%         3
 Swiftness                Air            0%         N/A       78%         3
 Teleport Other           Tloc           0%         N/A       78%         3
 Vampiric Draining        Necr           0%         2d6       78%         3
 Vhi's Electric Charge    Tloc/Air       0%         N/A       78%         3
 Volatile Blastmotes      Fire/Tloc      0%         2d10      78%         3
 Fulminant Prism          Conj/Hex       0%         3d5       99%         4
 Iskenderun's Mystic Bla  Conj/Tloc      0%         2d3       99%         4
 Passage of Golubria      Tloc           0%         N/A       99%         4
 Agony                    Necr           0%         N/A       100%        5
 Alistair's Intoxication  Tmut/Pois      0%         N/A       100%        5
 Arcjolt                  Conj/Air       0%         1d10      100%        5
 Yara's Violent Unravell  Hex/Tmut       0%         3d3       100%        5
 Plasma Beam              Fire/Air       0%         2x1d11    100%        6
 Starburst                Conj/Fire      0%         6d3       100%        6
 Fire Storm               Conj/Fire      0%         5d1       100%        9
 Tukima's Dance           Hex            Unusable   N/A       N/A         3

Dungeon Overview and Level Annotations

Branches:
Dungeon (11/15)            Temple (1/1) D:7            Lair (3/5) D:11
  Swamp (0/4) Lair:3        Sewer (visited)         Ossuary (visited)
 Bailey (visited)
  Snake: Lair:2-3    Spider: Lair:2-3       Orc: D:9-12

Altars:
Ashenzari
Cheibriados
Dithmenos
Elyvilon
Fedhas
Gozag
Hepliaklqana
Kikubaaqudgha
Makhleb
Nemelex Xobeh
Okawaru
Qazlal
Ru
Sif Muna
Trog
Uskayaw
Vehumet
Wu Jian
Xom
Yredelemnul
Zin
The Shining One

Shops:
D:4 [!   D:6 !   D:8 ?   D:10 **[   D:11 *

Portals:
Abyss: D:11

Annotations:
D:4 3 runed translucent doors, comborobin's ghost, weakling MiDe; rozman's ghost, amateur HOFi
D:8 3 runed translucent doors, turdburglar's ghost, novice GnWn
D:11 2 transporters, Azazsd's ghost, journeyman MiBe


Innate Abilities, Weirdness & Mutations

You are immune to sickness and miasma.
Your stone body is resilient. (AC +9)
You are immune to poison.
You resist negative energy. (rN+)
You are resistant to electric shocks. (rElec)
You are resistant to unholy torment.
You are immune to petrification.
You are partially covered in large bone plates. (SH +4)
You are agile. (Dex +4, Str/Int -1)


Message History

The death yak is moderately wounded.
The cane toad stings you! The death yak closely misses you.
The death yak gores you but does no damage.
You hit the death yak.
The death yak is moderately wounded.
The cane toad closely misses you.
You sock the death yak!
The death yak is heavily wounded.
The death yak misses you.
The death yak gores you but does no damage.
The cane toad stings you but does no damage.
You sock the death yak!
The death yak is severely wounded.
The death yak misses you. The death yak barely misses you.
You hit the death yak.
The death yak is severely wounded.
The cane toad stings you!
The death yak gores you but does no damage.
The death yak barely misses you.
You barely miss the death yak.
The death yak is severely wounded.
The cane toad stings you!
* * * LOW HITPOINT WARNING * * *
You sock the death yak!
The death yak is severely wounded.
The cane toad barely misses you. The death yak gores you!
* * * LOW HITPOINT WARNING * * *
The death yak gores you!
* * * LOW HITPOINT WARNING * * *
You feel better.
The cane toad stings you but does no damage.
The death yak gores you.
* * * LOW HITPOINT WARNING * * *
The death yak gores you but does no damage.
You gain the combat prowess of a mighty hero.
The cane toad stings you but does no damage.
The death yak gores you!
* * * LOW HITPOINT WARNING * * *
The death yak gores you!
You die...

## #.#.............#...P...... #
###.#.....#P.....#.....#..... #
#.#.###.#.##.....##.P.##..... ##
##...###..##P....##....#.....
.#####...####.##....##....##.....
..........# #.......#.....##....>
#..##P....# #...........#.##.....
####......###..Y..........#......
#.#.#...##...@F......P..#.....
#÷÷###.###.#PY.......#.#......
###.#.##.###.###...####..##.....
#.#..###.##...##...# ##..#.....
##..###...##..##...# #.##.....
##.####.....###..## #........
##..##.......##...# ##.##.....
#...##......###..## #P.#......
##..###.....##...P# ##.##.....


You could see 2 death yaks and a cane toad.

Vanquished Creatures
  A hydra (Lair:3)
  A catoblepas (Lair:1)
  Erica (D:10)
  A two-headed ogre (D:10)
  Nergalle (D:10)
  5 death yaks
  An orc knight (Bailey)
  Joseph (Lair:1)
  3 cane toads
  A rime drake (Lair:1)
  2 unseen horrors
  2 komodo dragons (Lair:1)
  A kobold demonologist (D:9)
  2 trolls
  A hornet (D:10)
  5 dream sheep (Lair:3)
  5 blink frogs (Lair:2)
  Sigmund (D:6)
  A shadow (D:11)
  25 yaks
  A vampire (D:11)
  2 wraiths
  3 wyverns
  3 basilisks
  2 steam dragons (D:8)
  3 vampire mosquitoes (D:11)
  Menkaure (D:4)
  An acid dragon (D:9)
  11 water moccasins
  Duvessa (D:6)
  An ice beast (D:4)
  Pargi (Sewer)
  15 orc warriors
  An ogre (D:5)
  A black bear (D:6)
  A sky beast (D:7)
  4 centaurs
  4 wolves (Lair:1)
  3 kobold brigands
  8 bullfrogs
  A scorpion (D:6)
  5 wights (D:8)
  Dowan (D:6)
  10 killer bees
  2 howler monkeys (D:8)
  4 electric eels
  2 jellies
  2 hounds
  3 orc priests
  3 sleepcaps
  3 iguanas
  8 orc wizards
  3 mummies (Ossuary)
  Robin (D:3)
  3 gnolls (D:2)
  A river rat (D:11)
  9 adders
  4 white imps
  3 dart slugs
  52 orcs
  7 endoplasms
  A giant cockroach (D:3)
  A gnoll zombie (Ossuary)
  14 goblins
  10 hobgoblins
  9 jackals
  3 quokkas
  6 ball pythons
  7 bats
  4 frilled lizards
  3 goblin zombies (Ossuary)
  33 kobolds
  4 kobold zombies (Ossuary)
  5 rats
355 creatures vanquished.

Vanquished Creatures (others)
  A kobold (D:7)
1 creature vanquished.

Grand Total: 356 creatures vanquished

Notes
Turn   | Place    | Note
-------+----------+-------------------------------------------
     0 | D:1      | RancidPinata the Gargoyle Gladiator began the quest for the
                  | Orb.
     0 | D:1      | Reached XP level 1. HP: 12/12 MP: 1/1
    92 | D:1      | Found a faded altar of an unknown god.
   240 | D:1      | Reached XP level 2. HP: 17/18 MP: 2/2
   611 | D:1      | Reached skill level 1 in Armour
   701 | D:1      | Reached XP level 3. HP: 22/22 MP: 3/3
  1048 | D:3      | Reached skill level 3 in Fighting
  1173 | D:3      | Reached XP level 4. HP: 28/28 MP: 4/4
  1292 | D:3      | Identified the +0 helmet of the Flute {rC+}
  1292 | D:3      | Noticed Robin
  1343 | D:3      | Killed Robin
  1583 | D:3      | Identified the +1 leather armour "Xaocaajo" {Contam rElec
                  | Slay+6}
  1976 | D:2      | Reached XP level 5. HP: 28/33 MP: 5/5
  2758 | D:4      | Reached skill level 4 in Fighting
  2860 | D:4      | Found a glowing drain.
  2879 | Sewer    | Entered a sewer
  2935 | Sewer    | Noticed Pargi
  2948 | Sewer    | Killed Pargi
  2949 | Sewer    | Reached XP level 6. HP: 34/39 MP: 6/6
  3075 | D:4      | Noticed Menkaure
  3254 | D:4      | Killed Menkaure
  3255 | D:4      | Reached XP level 7. HP: 37/44 MP: 7/7
  3325 | D:4      | Found Uwiut's Distillery.
  3386 | D:4      | Reached skill level 5 in Fighting
  3386 | D:4      | Reached skill level 5 in Maces & Flails
  3777 | D:4      | Found Ratt's Armour Emporium.
  3922 | D:4      | Found a runed translucent gate.
  3924 | D:4      | Found a runed translucent gate.
  3924 | D:4      | Found a runed translucent gate.
  3926 | D:4      | Noticed comborobin's ghost (weakling MiDe)
  3926 | D:4      | Noticed rozman's ghost (amateur HOFi)
  4033 | D:5      | Entered Level 5 of the Dungeon
  4158 | D:5      | Learned a level 1 spell: Sandblast
  4161 | D:5      | Learned a level 2 spell: Passwall
  4165 | D:5      | Learned a level 3 spell: Stone Arrow
  4761 | D:6      | Reached XP level 8. HP: 51/51 MP: 8/8
  4793 | D:6      | Reached skill level 6 in Fighting
  4947 | D:6      | Found a broken altar of Ashenzari.
  4947 | D:6      | Found a shimmering blue altar of Sif Muna.
  5035 | D:6      | Got Cerebov's Anthology of Cinders
  5109 | D:6      | Found Kimer's Distillery.
  5118 | D:6      | Noticed Duvessa
  5118 | D:6      | Noticed Dowan
  5135 | D:6      | Killed Duvessa
  5138 | D:6      | Killed Dowan
  5612 | D:6      | Reached skill level 7 in Fighting
  5664 | D:6      | Found a radiant altar of Vehumet.
  5667 | D:6      | Found a hide-covered altar of Uskayaw.
  5670 | D:6      | Found a basalt altar of Yredelemnul.
  5677 | D:6      | Found an ornate altar of the Wu Jian Council.
  5691 | D:6      | Noticed Sigmund
  5703 | D:6      | Killed Sigmund
  5704 | D:6      | Reached XP level 9. HP: 57/57 MP: 9/9
  5935 | D:7      | Found a staircase to the Ecumenical Temple.
  5944 | Temple   | Entered the Ecumenical Temple
  6056 | Temple   | Became a worshipper of Warmaster Okawaru
  6092 | D:7      | Reached skill level 5 in Armour
  6283 | D:7      | Reached skill level 8 in Fighting
  6499 | D:7      | Reached * piety under Okawaru
  6680 | D:7      | You fall into a shaft and drop 1 floor!
  6685 | D:8      | Found Aladarot's Magic Scroll Shoppe.
  6700 | D:8      | Bought a scroll of identify for 22 gold pieces
  6700 | D:8      | Bought a scroll of identify for 22 gold pieces
  6739 | D:8      | Reached skill level 5 in Throwing
  6825 | D:8      | Found a sand-covered staircase.
  6915 | Ossuary  | Entered an ossuary
  7509 | D:8      | Found an opulent altar of Gozag.
  7907 | D:8      | Reached skill level 9 in Fighting
  8078 | D:8      | Reached XP level 10. HP: 66/66 MP: 10/10
  8125 | D:8      | Reached ** piety under Okawaru
  8195 | D:8      | Found an ancient bone altar of Kikubaaqudgha.
  8515 | D:8      | Found a runed translucent gate.
  8515 | D:8      | Found a runed translucent gate.
  8523 | D:8      | Found a runed translucent gate.
  8524 | D:8      | Noticed turdburglar's ghost (novice GnWn)
  8524 | D:8      | Noticed a spectral unseen horror
  9108 | D:9      | Found a flagged portal.
  9120 | Bailey   | Entered a bailey
  9909 | Bailey   | Reached skill level 10 in Fighting
  9985 | Bailey   | Noticed an orc knight
  9996 | Bailey   | Killed an orc knight
  9996 | Bailey   | Reached *** piety under Okawaru
 10460 | D:9      | Noticed a kobold demonologist
 10464 | D:9      | Killed a kobold demonologist
 10636 | D:9      | Reached skill level 10 in Maces & Flails
 10640 | D:9      | Reached XP level 11. HP: 49/73 MP: 11/11
 10751 | D:10     | Entered Level 10 of the Dungeon
 10965 | D:10     | Gained mutation: You occasionally lose the ability to read
                  | scrolls when taking damage. [mutagenic glow]
 11273 | D:10     | Noticed a two-headed ogre
 11320 | D:10     | Killed a two-headed ogre
 11321 | D:10     | Reached skill level 11 in Fighting
 11414 | D:10     | Noticed Nergalle
 11447 | D:10     | Killed Nergalle
 11447 | D:10     | Reached **** piety under Okawaru
 11575 | D:10     | Found Tulikosehe's General Store.
 11577 | D:10     | Found Macw's Specific Store.
 11586 | D:10     | Bought 3 scrolls of identify for 96 gold pieces
 11629 | D:10     | Noticed Erica
 11633 | D:10     | Found Jeuce's Armour Shop.
 11732 | D:10     | Killed Erica
 12131 | D:6      | Bought a potion of curing for 45 gold pieces
 12131 | D:6      | Bought a potion of heal wounds for 75 gold pieces
 12131 | D:6      | Bought a potion of might for 60 gold pieces
 12379 | D:11     | Received a gift from Okawaru
 12761 | D:11     | Found Sapn's Assorted Antiques.
 12766 | D:11     | Bought a puce potion for 27 gold pieces
 12766 | D:11     | Bought a puce potion for 27 gold pieces
 12774 | D:11     | Lost mutation: You occasionally lose the ability to read
                  | scrolls when taking damage. [potion of mutation]
 12774 | D:11     | Gained mutation: You are agile. (Dex +4, Str/Int -1)
                  | [potion of mutation]
 12774 | D:11     | Gained mutation: You are partially covered in large bone
                  | plates. (SH +4) [potion of mutation]
 12844 | D:11     | Noticed a large abomination
 12850 | D:11     | Found a one-way gate to the infinite horrors of the Abyss.
 12850 | D:11     | Noticed Azazsd's ghost (journeyman MiBe)
 12868 | D:11     | Noticed a death yak
 12881 | D:11     | Noticed a death yak
 12885 | D:11     | Noticed a death yak
 12887 | D:11     | Killed a death yak
 12905 | D:11     | Killed a death yak
 12905 | D:11     | Received a gift from Okawaru
 12906 | D:11     | Reached skill level 12 in Fighting
 12915 | D:11     | Killed a death yak
 12954 | D:11     | Found a staircase to the Lair.
 12971 | D:11     | Found a transporter.
 12973 | D:11     | Found a transporter.
 13353 | Lair:1   | Entered Level 1 of the Lair of Beasts
 13366 | Lair:1   | Reached XP level 12. HP: 78/81 MP: 12/12
 13379 | Lair:1   | Noticed a catoblepas
 13408 | Lair:1   | Killed a catoblepas
 13722 | Lair:1   | Noticed Joseph
 13743 | Lair:1   | Killed Joseph
 14113 | Lair:1   | Reached ***** piety under Okawaru
 14551 | Lair:2   | Received a gift from Okawaru
 14552 | Lair:2   | Reached skill level 13 in Fighting
 14569 | Lair:2   | Reached skill level 1 in Invocations
 14642 | Lair:2   | Received a gift from Okawaru
 15690 | Lair:3   | Noticed a five-headed hydra
 15698 | Lair:3   | Killed a five-headed hydra
 15699 | Lair:3   | Reached XP level 13. HP: 67/88 MP: 14/14
 15776 | Lair:3   | Found a staircase to the Swamp.
 15916 | Lair:2   | Mangled by a death yak

Illustrated notes

Levels and vault maps discovered:
D:1:      dpeg_arrival_pits, layout_basic, hellmonk_ecumenical_altar_lost_god
D:2:      layout_loops_ring
D:3:      layout_basic, uniq_robin
D:4:      layout_basic, gammafunk_ghost_cemetery, serial_shops, shop, shop,
          cheibrodos_sewer_entry_sluice, uniq_menkaure
D:5:      layout_loops_ring
D:6:      layout_cave_pods, nicolae_overflow_hallway_of_the_gods,
          minmay_misc_feat_iff, nicolae_take_the_stairs, dreamdust_wishing_well,
          uniq_sigmund, uniq_duvessa
D:7:      kennysheep_kobold_camp, layout_rooms, temple_green,
          roderic_filled_cross
D:8:      layout_gridville, serial_shops, shop, gammafunk_ghost_necromancy,
          nicolae_ossuary_entry_false_entrances, minivault_25,
          hangedman_feature_mirror
D:9:      layout_basic, enter_bailey_2
D:10:     nicolae_moon_pools, layout_stronghold, serial_shops,
          kennysheep_little_box, nicolae_specific_store, uniq_nergalle,
          uniq_erica
D:11:     layout_roguey, dpeg_lair_monsters, gammafunk_ghost_abyssal_escape,
          serial_shops, nicolae_shop_dealshenge
Temple:   nicolae_temple_superstar
Lair:1:   layout_gridlike, serial_bayou_pond_c, infiniplex_staircase_pool_2,
          serial_bayou_shore_b, uniq_joseph
Lair:2:   layout_gridlike, minivault_24, chequers_serial_rivers_micro_a
Lair:3:   layout_gridlike, swamp_mist, nicolae_snake_entry_squirm

Skill      XL: |  1  2  3  4  5  6  7  8  9 10 11 12 |
---------------+-------------------------------------+-----
Throwing       | 2 3 4 5 6 7 8 |  8.7
Armour         | 1 2 3 4 6 7 8 9 |  9.4
Fighting       | 3 4 5 7 9 10 12 13 | 13.6
Maces & Flails | 4 5 7 8 10 11 12 | 12.8
Invocations    | 2 |  2.9
Dodging        | |  2.4

Action                     |  1- 3 |  4- 6 |  7- 9 | 10-12 | 13-15 || total
---------------------------+-------+-------+-------+-------+-------++-------
  Melee: Flail             |   112 |   136 |   277 |   688 |    59 ||  1272
         Punch             |     1 |       |     8 |    10 |       ||    19
         Morningstar       |       |       |       |    31 |       ||    31
  Throw: Throwing net      |       |     3 |     2 |     2 |       ||     7
         Boomerang         |       |       |       |    18 |       ||    18
         Javelin           |       |       |       |     4 |       ||     4
 Invoke: Heroism           |       |       |       |     8 |     1 ||     9
         Finesse           |       |       |       |     2 |       ||     2
    Use: Scroll            |       |     6 |       |    16 |       ||    22
         Potion            |       |     1 |     2 |     9 |     1 ||    13
   Stab: Held in net/web   |       |     2 |     1 |       |       ||     3
         Sleeping          |       |       |       |     1 |       ||     1
         Petrifying        |       |       |       |     1 |       ||     1
 Armour: Leather armour    |     9 |    36 |   151 |   109 |       ||   305
         Ring mail         |    52 |    23 |       |       |       ||    75
         Troll leather arm |       |       |       |   379 |    33 ||   412
  Dodge: Dodged            |   111 |   103 |   198 |   539 |    33 ||   984
  Block: Other             |       |       |       |    53 |    10 ||    63
